Map: Mech Depot LE

Players

Voodoochilli

  • Race: Terran Terran
  • League: Platinum
  • Spawn Location: 7:00

idd - Winner!

  • Race: Zerg Zerg
  • League: Diamond
  • Spawn Location: 1:00

VOD

Have the link to the VOD?

Description

Time

  • Played on: Aug. 6, 2017, 3:20 p.m.
  • Length: 6:37
Show
View Real Time Build Order
Export as new Build Order

Voodoochilli Terran 

Build Orders: Banshee Rush 

Get SALT Encoding   

  12  0:00  SCV  
  13  0:13  SCV  
  14  0:19  Supply Depot  
  14  0:26  SCV  
  15  0:32  Refinery  
  15  0:40  SCV  
  16  0:45  Barracks  
  16  0:52  SCV  
  17  1:04  SCV  
  17  1:06  Refinery  
  18  1:13  Supply Depot  
  18  1:16  SCV  
  19  1:33  Marine, Orbital Command  
  20  1:49  Factory  
  20  1:51  Marine  
  21  1:58  SCV  
  22  2:09  Marine  
  22  2:10  SCV  
  24  2:25  SCV  
  24  2:27  Marine  
  26  2:34  Factory Tech Lab, Starport, Supply Depot  
  26  2:43  Starport  
  26  2:48  SCV  
  27  2:53  Siege Tank  
  27  2:55  Marine  
  31  3:09  SCV  
  31  3:11  Starport Tech Lab  
  31  3:21  SCV  
  32  3:34  Marine  
  32  3:35  Banshee  
  36  3:44  Cloaking Field  
  36  3:46  SCV  
  37  3:57  Barracks Reactor  
  37  3:58  Widow Mine, Supply Depot  
  37  4:02  Supply Depot  
  39  4:16  Banshee, SCV  
  43  4:28  SCV  
  44  4:32  Command Center  
  44  4:36  Marine x2  
  46  4:39  Supply Depot  
  46  4:40  SCV  
  46  4:41  Banshee  
  50  4:54  Marine  
  50  4:55  Engineering Bay  
  50  4:59  SCV  
  52  5:04  Banshee  
  55  5:13  SCV  
  56  5:20  Widow Mine  
  58  5:24  Banshee  
  58  5:26  Missile Turret  
  61  5:35  SCV  
  62  5:47  SCV  
  63  5:50  Banshee, Refinery  
  63  5:52  Widow Mine  
  63  5:53  Orbital Command  
  68  5:59  SCV  
  68  6:04  Supply Depot  
  69  6:11  SCV  
  69  6:23  SCV  
Show
View Real Time Build Order
Export as new Build Order

idd Zerg - Winner!

Build Orders: Hatch First 

Get SALT Encoding   

  12  0:01  Drone  
  13  0:11  Drone  
  14  0:18  Overlord  
  14  0:41  Drone x3  
  17  0:52  Drone  
  18  1:02  Hatchery  
  17  1:16  Spawning Pool  
  16  1:18  Extractor  
  16  1:20  Drone  
  16  1:24  Drone  
  17  1:30  Drone  
  18  1:36  Drone  
  19  1:46  Drone  
  20  1:57  Overlord  
  20  2:02  Queen  
  22  2:21  Queen  
  22  2:22  Drone  
  24  2:29  Zergling x4  
  26  2:30  Drone  
  26  2:37  Extractor  
  26  2:39  Drone  
  26  2:40  Drone  
  26  2:42  Spine Crawler  
  26  2:43  Lair  
  27  2:56  Drone  
  28  2:58  Extractor  
  28  2:59  Extractor  
  26  3:25  Drone x3  
  29  3:33  Drone x6  
  35  3:38  Spore Crawler  
  34  3:42  Spore Crawler  
  34  3:43  Drone  
  34  3:48  Drone  
  35  3:52  Spire  
  34  3:57  Drone  
  34  4:00  Drone  
  36  4:03  Overlord  
  36  4:14  Overlord  
  36  4:40  Drone x3  
  36  4:43  Drone  
  36  4:44  Drone x5  
  45  4:53  Overlord  
  45  5:04  Drone x3  
  45  5:06  Mutalisk x2  
  52  5:13  Mutalisk  
  54  5:17  Metabolic Boost  
  54  5:21  Mutalisk  
  56  5:33  Mutalisk x2  
  60  5:36  Overlord x2  
  60  5:41  Overlord  
  60  5:56  Mutalisk x4  
  68  6:01  Overseer  
  67  6:09  Mutalisk  
  69  6:11  Zergling x6  
  69  6:17  Drone x3  
Tags
 
Add a new tag
Caveats
  • Supply blocks, unpowered buildings, or Contaminate may cause inaccurate times.
  • Supply counts are checked every 10 seconds.